 Dungeon Crawl Stone Soup version 0.26-a0-597-gb535b0901c (webtiles) character file.

Game seed: 15803490911332505079

17150 HoaS the Cruncher (level 12, -10/97 HPs)
             Began as a Formicid Fighter on Aug 27, 2020.
             Was a Priest of Makhleb.
             Mangled by a bone dragon (12 damage)
             ... on level 1 of the Abyss.
             The game lasted 00:27:04 (11268 turns).

HoaS the Cruncher (Formicid Fighter)               Turns: 11268, Time: 00:27:05

Health: -10/97     AC: 15    Str: 26    XL:     12   Next: 79%
Magic:  4/4        EV: 10    Int:  8    God:    Makhleb [***...]
Gold:   873        SH: 12    Dex: 10    Spells: 11/11 levels left

rFire    . . .     SeeInvis +   k - +4 quarterstaff (antimagic)
rCold    . . .     Faith    .   c - +0 kite shield
rNeg     . . .     Spirit   .   x - +2 scale mail {MR+}
rPois    .         Reflect  .   (helmet unavailable)
rElec    .         Harm     .   r - +2 cloak
rCorr    .                      (no gloves)
MR       +++..                  i - +0 pair of boots
Stlth    ..........             (no amulet)
HPRegen  0.26/turn              q - ring of protection from magic
MPRegen  0.09/turn              w - +4 ring of slaying

@: lethally poisoned (-10 -> -11)
A: permanent stasis, dig shafts and tunnels, four strong arms, antennae 3,
[subdued magic 2]
a: Dig, Shaft Self, Minor Destruction, Lesser Servant of Makhleb, Renounce
Religion


You were on level 1 of the Abyss.
You worshipped Makhleb.
Makhleb was most pleased with you.
You visited 2 branches of the dungeon, and saw 11 of its levels.
You visited the Abyss 1 time.
You also visited: Sewer.

You collected 873 gold pieces.

Inventory:

Hand Weapons
 k - a +4 antimagic quarterstaff (weapon)
Armour
 c - a +0 kite shield (worn)
 i - a +0 pair of boots (worn)
 r - a +2 cloak (worn)
 x - a +2 scale mail of magic resistance (worn)
Jewellery
 d - an uncursed ring of protection from fire
 f - an uncursed ring of positive energy
 p - an uncursed ring of poison resistance
 q - a ring of protection from magic (left hand)
 w - a +4 ring of slaying (right hand)
 A - an uncursed ring of positive energy
Wands
 s - a wand of flame (31)
 t - a wand of paralysis (9)
 y - a wand of iceblast (6)
 z - a wand of digging (7)
Scrolls
 a - a scroll of identify
 g - 9 scrolls of remove curse
 v - 3 scrolls of fog
 D - a scroll of magic mapping
Potions
 b - 3 potions of flight
 e - 4 potions of stabbing
 h - 2 potions of heal wounds
 j - 2 potions of mutation
 l - 5 potions of ambrosia
 m - 6 potions of curing
 n - a potion of lignification {unknown}
 o - a potion of cancellation {unknown}
 u - 2 potions of brilliance {unknown}
 B - a potion of invisibility {unknown}
 C - a potion of resistance {unknown}


   Skills:
 + Level 10.2 Fighting
 - Level 14.0 Staves
 + Level 10.2 Armour
 - Level 9.0 Shields


You had 11 spell levels left.
You didn't know any spells.
Your spell library contained the following spells:

 Spells                   Type           Power        Failure   Level
 Shock                    Conj/Air       #...         56%         1
 Summon Small Mammal      Summ           #...         56%         1
 Call Imp                 Summ           #.......     71%         2
 Call Canine Familiar     Summ           #.......     91%         3
 Static Discharge         Conj/Air       #.......     91%         3
 Summon Guardian Golem    Hex/Summ       #.......     91%         3
 Airstrike                Air            #.........   100%        4
 Summon Ice Beast         Ice/Summ       #.......     100%        4
 Summon Lightning Spire   Summ/Air       #.......     100%        4
 Lightning Bolt           Conj/Air       #.........   100%        5
 Swiftness                Air            Unusable     N/A         2

Dungeon Overview and Level Annotations

Branches:
Dungeon (10/15)            Temple (1/1) D:7            Lair (0/6) D:9
    Orc (0/2) D:9           Sewer (visited)

Altars:
Ashenzari
Cheibriados
Dithmenos
Elyvilon
Fedhas
Gozag
Hepliaklqana
Kikubaaqudgha
Makhleb
Nemelex Xobeh
Okawaru
Qazlal
Ru
Sif Muna
Trog
Uskayaw
Vehumet
Wu Jian
Xom
Yredelemnul
Zin
The Shining One
Beogh

Shops:
D:4 *   D:9 }

Annotations:
D:7 Azzok's ghost, novice PaBe


Innate Abilities, Weirdness & Mutations

You cannot be hasted, slowed, berserked, paralysed or teleported.
You can dig through walls and to a lower floor.
Your four strong arms can wield two-handed weapons with a shield.
You have a pair of large antennae on your head. (SInv)
[Your spells are easier to cast, but less powerful.]


Message History

The thrashing horror tramples you!
You stumble backwards!
You feel sick.
The thrashing horror roars!
A sixfirhy comes into view.
The thrashing horror tramples you but does no damage. x2
You block the bone dragon's attack. x3
You feel sick. You block the sixfirhy's attack.
You block the thrashing horror's attack. x2
The thrashing horror tramples you but does no damage.
The thrashing horror barely misses you. The bone dragon bites you!
* * * LOW HITPOINT WARNING * * *
The bone dragon barely misses you. The bone dragon tramples you!
* * * LOW HITPOINT WARNING * * *
You hold your ground!
The thrashing horror tramples you but does no damage.
You block the thrashing horror's attack.
The bone dragon bites you!
* * * LOW HITPOINT WARNING * * *
The bone dragon claws you!
You die...

. .. ......... #.. . ...
. .... . .# ..
...#.....#.##.##.# #
..###...###..#.#.#
#.....#.....#......# ..
.. .............# ##
...............#3X.#..#.
. # .##....#..........#
# . . #..#.(.#D@..#...
...# ..##..#..#.#.#
#..###.##.#......#.. . #
# ##.##..#... # #.
..#.##># . #.... #.. .
.##.# #.. . ..


You could see a bone dragon, a thrashing horror and a sixfirhy.

Vanquished Creatures
  A lich (Abyss:1)
  3 two-headed ogres
  Sonja (D:10)
  A wretched star (Abyss:1)
  An anaconda zombie (Abyss:1)
  Pikel (D:6)
  The ghost of SatoMori the Stinger, a novice GnVM of Okawaru (D:6)
  A guardian serpent (Abyss:1)
  An orange demon (Abyss:1)
  Joseph (D:7)
  A hellion (Abyss:1)
  An efreet (Abyss:1)
  A troll (D:9)
  A hornet (D:10)
  2 polar bears (D:9)
  Grinder (Sewer)
  2 hippogriffs
  Sigmund (D:2)
  A ynoxinul (Abyss:1)
  4 yaks (D:9)
  A wyvern (D:9)
  Grum (D:8)
  Edmund (D:4)
  A water moccasin (D:5)
  A sky beast (D:7)
  A black bear (D:6)
  9 orc warriors
  An eye of draining (D:9)
  2 phantoms
  A necrophage (Sewer)
  6 ice beasts
  7 ogres
  3 wolves (D:8)
  7 centaurs
  A lemure (D:6)
  A crocodile (D:9)
  Blork the orc (D:5)
  4 bullfrogs
  4 scorpions
  11 killer bees
  2 wights (Sewer)
  2 howler monkeys
  4 electric eels
  2 centaur zombies
  3 bullfrog zombies
  3 hounds
  4 orc priests
  2 quasits
  A water moccasin simulacrum (D:9)
  A gnoll shaman (D:8)
  3 jellies
  Crazy Yiuf (D:2)
  A centaur skeleton (D:6)
  9 orc wizards
  3 iguanas
  11 worker ants
  3 big kobold zombies (Sewer)
  2 hound skeletons (D:4)
  2 worker ant zombies
  15 gnolls
  7 adders
  4 shadow imps
  5 white imps
  An ufetubus (Sewer)
  An ooze (D:4)
  An adder zombie (D:8)
  An adder skeleton (D:6)
  A worm (D:4)
  2 dart slugs
  6 leopard geckos
  40 orcs
  A bat zombie (Sewer)
  14 giant cockroaches
  9 goblins
  3 hobgoblins (D:1)
  20 jackals
  8 quokkas
  2 ball pythons (D:5)
  9 bats
  3 frilled lizards
  22 kobolds
  A kobold zombie (Sewer)
  2 leopard gecko skeletons (D:4)
  A leopard gecko zombie (D:5)
  10 rats
339 creatures vanquished.

Vanquished Creatures (others)
  2 minotaurs (D:1)
  2 draconians (D:1)
  An octopode (D:1)
  2 trolls (D:1)
  A spriggan (D:1)
  A dwarf (D:1)
  A centaur (D:1)
  An ogre (D:1)
  An orc wizard (D:7)
  A mummy (D:1)
  A fungus (D:2)
  5 tentacles (D:1)
19 creatures vanquished.

Grand Total: 358 creatures vanquished

Notes
Turn   | Place    | Note
-------+----------+-------------------------------------------
     0 | D:1      | HoaS the Formicid Fighter began the quest for the Orb.
     0 | D:1      | Reached XP level 1. HP: 18/18 MP: 1/1
     0 | D:1      | Noticed an ogre
     0 | D:1      | Noticed a centaur
     0 | D:1      | Noticed a troll
     0 | D:1      | Noticed a minotaur
     0 | D:1      | Noticed a draconian
     0 | D:1      | Noticed a kraken
     0 | D:1      | Noticed a minotaur
     0 | D:1      | Noticed a spriggan
     0 | D:1      | Noticed a draconian
     0 | D:1      | Noticed an octopode
     0 | D:1      | Noticed a troll
     0 | D:1      | Noticed a dwarf
     3 | D:1      | Killed a troll
     9 | D:1      | Killed a minotaur
    10 | D:1      | Killed an octopode
    10 | D:1      | Killed a troll
    11 | D:1      | Killed a draconian
    12 | D:1      | Killed a dwarf
    12 | D:1      | Killed a spriggan
    13 | D:1      | Killed a centaur
    15 | D:1      | Killed a draconian
    15 | D:1      | Killed a minotaur
    17 | D:1      | Killed an ogre
   168 | D:1      | Reached XP level 2. HP: 24/24 MP: 2/2
   531 | D:1      | Reached XP level 3. HP: 25/29 MP: 3/3
   551 | D:1      | Reached skill level 3 in Staves
  1170 | D:1      | Reached XP level 4. HP: 27/35 MP: 4/4
  1448 | D:2      | Noticed Sigmund
  1465 | D:2      | Killed Sigmund
  1465 | D:2      | Reached skill level 5 in Staves
  1465 | D:2      | Reached skill level 5 in Shields
  1465 | D:2      | Reached XP level 5. HP: 25/41 MP: 5/5
  1465 | D:2      | Reached XP level 6. HP: 29/47 MP: 6/6
  1667 | D:2      | Found a faded altar of an unknown god.
  1860 | D:2      | Found a runed translucent door.
  1861 | D:2      | Noticed Crazy Yiuf
  1941 | D:2      | Killed Crazy Yiuf
  2266 | D:3      | Noticed an ice beast
  2280 | D:3      | Killed an ice beast
  2280 | D:3      | Reached XP level 7. HP: 20/52 MP: 7/7
  2694 | D:3      | Reached skill level 6 in Staves
  3438 | D:4      | Found Lizao's Assorted Antiques.
  3580 | D:4      | Reached skill level 7 in Staves
  3580 | D:4      | Reached XP level 8. HP: 55/58 MP: 8/8
  3750 | D:4      | Noticed Edmund
  3761 | D:4      | Killed Edmund
  4174 | D:5      | Entered Level 5 of the Dungeon
  4250 | D:5      | Reached skill level 8 in Staves
  4256 | D:5      | Noticed Blork the orc
  4288 | D:5      | Killed Blork the orc
  4418 | D:5      | Reached XP level 9. HP: 64/64 MP: 9/9
  4428 | D:5      | Reached skill level 9 in Staves
  4633 | D:5      | Found a glowing drain.
  4642 | Sewer    | Entered a sewer
  4821 | Sewer    | Found an ancient bone altar of Kikubaaqudgha.
  4883 | Sewer    | Noticed Grinder
  4915 | Sewer    | Killed Grinder
  4950 | Sewer    | Reached skill level 10 in Staves
  5236 | D:6      | Noticed Pikel
  5279 | D:6      | Killed Pikel
  5279 | D:6      | Reached skill level 11 in Staves
  5279 | D:6      | Reached XP level 10. HP: 43/70 MP: 10/10
  5605 | D:6      | Found a transporter.
  5605 | D:6      | Noticed SatoMori's ghost (novice GnVM)
  5609 | D:6      | Found a transporter.
  5884 | D:7      | Reached skill level 12 in Staves
  6331 | D:7      | Noticed Joseph
  6343 | D:7      | Killed Joseph
  6512 | D:7      | Reached skill level 13 in Staves
  6556 | D:7      | Found a staircase to the Ecumenical Temple.
  6572 | Temple   | Entered the Ecumenical Temple
  6918 | Temple   | Became a worshipper of Makhleb the Destroyer
  7010 | D:7      | You fall into a shaft and drop 3 floors!
  7010 | D:10     | Entered Level 10 of the Dungeon
  7131 | D:9      | Noticed a two-headed ogre
  7198 | D:9      | Killed a two-headed ogre
  7198 | D:9      | Reached XP level 11. HP: 63/75 MP: 3/11
  7278 | D:9      | Reached skill level 14 in Staves
  7612 | D:9      | Reached * piety under Makhleb
  7620 | D:9      | Reached skill level 5 in Fighting
  7620 | D:9      | Reached skill level 5 in Armour
  7715 | D:9      | Noticed a two-headed ogre
  7728 | D:9      | Killed a two-headed ogre
  8019 | D:8      | Noticed Grum
  8062 | D:8      | Killed Grum
  8440 | D:7      | Found a runed translucent gate.
  8441 | D:7      | Found a runed translucent gate.
  8441 | D:7      | Identified the +5 dagger "Zalohon" {chaos, rF+ Str+2
                  | Stlth+}
  8441 | D:7      | Noticed Azzok's ghost (novice PaBe)
  8442 | D:7      | Found a runed translucent gate.
  8493 | D:7      | Reached ** piety under Makhleb
  8800 | D:6      | Killed SatoMori's ghost
  8963 | D:8      | Noticed a two-headed ogre
  8974 | D:8      | Killed a two-headed ogre
  9410 | D:9      | Found Roygi's Gadget Emporium.
  9615 | D:9      | Found a staircase to the Lair.
  9764 | D:9      | Found a staircase to the Orcish Mines.
  9792 | D:9      | Reached XP level 12. HP: 61/91 MP: 4/12
 10080 | D:9      | Found an opulent altar of Gozag.
 10376 | D:9      | Reached *** piety under Makhleb
 10389 | D:9      | Found a roughly hewn altar of Beogh.
 10713 | D:10     | Noticed Sonja
 10745 | D:10     | Killed Sonja
 11120 | D:7      | Cast into level 1 of the Abyss (big kobold)
 11211 | Abyss:1  | Noticed a lich
 11236 | Abyss:1  | Killed a lich
 11236 | Abyss:1  | Reached skill level 10 in Fighting
 11236 | Abyss:1  | Reached skill level 10 in Armour
 11245 | Abyss:1  | Noticed a wretched star
 11255 | Abyss:1  | Noticed a thrashing horror
 11255 | Abyss:1  | Noticed a bone dragon
 11261 | Abyss:1  | Killed a wretched star
 11266 | Abyss:1  | Noticed a sixfirhy
 11268 | Abyss:1  | HP: 2/97 [bone dragon (8)]
 11268 | Abyss:1  | Mangled by a bone dragon

Illustrated notes

Levels and vault maps discovered:
D:1:      nicolae_arrival_kraken_aquarium_a, layout_basic
D:2:      layout_rooms, chequers_ecumenical_altar_simple, uniq_sigmund,
          uniq_crazy_yiuf_cottage
D:3:      layout_loops_corners, uniq_natasha
D:4:      wad_river_or_something, layout_basic, serial_shops, shop, uniq_edmund
D:5:      layout_basic, portal_sewer_entry_d, dk_noncrumbling_3,
          minmay_joined_circles, uniq_blork_the_orc
D:6:      layout_basic, gammafunk_ghost_hive, uniq_pikel
D:7:      layout_basic, minmay_temple_entry_sparse_star,
          gammafunk_ghost_nasty_kobolds, lightli_minifort, uniq_joseph
D:8:      layout_basic, palyth_stone_intersect, uniq_grum
D:9:      layout_basic, lemuel_round_altar, lair_entry_dummy,
          minmay_orc_entry_temple_small, serial_shops, shop_coins, serial_ice,
          serial_ice_b, serial_ice_e, serial_ice_m, serial_ice_o, serial_ice_j
D:10:     lemuel_ice_spiral_2, layout_rooms, uniq_sonja
Temple:   regret_index_temple_sigil_plot
Abyss:1:  base: D:10, minivault_27

Skill      XL: |  1  2  3  4  5  6  7  8  9 10 11 12 |
---------------+-------------------------------------+-----
Shields        | 4 5 6 8 9 |  9.0
Staves         | 3 5 7 8 11 13 14 | 14.0
Fighting       | 7 10 | 10.2
Armour         | 7 10 | 10.2

Action                   |  1- 3 |  4- 6 |  7- 9 | 10-12 || total
-------------------------+-------+-------+-------+-------++-------
Melee: Quarterstaff      |   103 |   102 |   437 |   739 ||  1381
 Abil: Dig               |       |       |       |     6 ||     6
Evoke: Wand              |       |       |       |     4 ||     4
  Use: Scroll            |     6 |     1 |     8 |     7 ||    22
       Potion            |       |     1 |     1 |     5 ||     7
Armor: Scale mail        |    48 |    28 |       |   120 ||   196
       Chain mail        |       |    10 |   172 |    41 ||   223
Dodge: Dodged            |    30 |    30 |   113 |   172 ||   345
Block: Kite shield       |    68 |    48 |   231 |   296 ||   643

Table legend: (Time is in decaauts)
 A = Elapsed time spent in this place.
 B = Non-inter-level travel time spent in this place.
 C = Inter-level travel time spent in this place.
 D = Time resting spent in this place.
 E = Time spent auto-exploring this place.
 F = Levels seen in this place.
 G = Mean time per level.
                   A        B        C        D        E       F      G
               +--------+--------+--------+--------+--------+-----+--------+
         Total |  10996 |  10433 |    563 |   2381 |   5481 |  13 |  845.8 |
       Dungeon |  10071 |   9551 |    520 |   2319 |   4919 |  10 | 1007.1 |
        Temple |    361 |    318 |     43 |      0 |    316 |   1 |  361.0 |
         Abyss |    122 |    122 |      0 |      0 |     50 |   1 |  122.0 |
         Sewer |    440 |    440 |      0 |     62 |    196 |   1 |  440.0 |
               +--------+--------+--------+--------+--------+-----+--------+

Top non-repeatable levels by time:
     D:9: 1768 daAuts
     D:1: 1388 daAuts
     D:3: 1181 daAuts
     D:8: 1166 daAuts
     D:7: 931 daAuts
     D:6: 897 daAuts
     D:4: 867 daAuts
     D:2: 779 daAuts
     D:5: 591 daAuts
    D:10: 498 daAuts
   Sewer: 440 daAuts
  Temple: 361 daAuts
 Abyss:1: 122 daAuts
